 Dungeon Crawl Stone Soup version 0.31-a0-204-g7da18cac08 (webtiles) character file.

Game seed: 5996320133342415263

187 Dittersdorf the Covered (level 5, -2/34 HPs)
             Began as a Gargoyle Fighter on June 27, 2023.
             Slain by Edmund
             ... wielding a +0 heavy dire flail
              (5 damage)
             ... on level 4 of the Dungeon.
             The game lasted 00:02:19 (2452 turns).

Dittersdorf the Covered (Gargoyle Fighter)          Turns: 2452, Time: 00:02:19

Health: -2/34      AC: 14    Str: 22    XL:     5   Next: 66%
Magic:  14/14      EV:  8    Int:  8    God:
Gold:   198        SH:  5    Dex: 11    Spells: 4/4 levels left

rFire   . . .        t - +7 mace of Udeuret {venom, Fly rN++ MP+9 Dex+2}
rCold   . . .        c - +0 buckler
rNeg    + + +        l - +0 chain mail
rPois   ∞            f - +0 helmet
rElec   +            (no cloak)
rCorr   .            (no gloves)
SInv    .            (no boots)
Will    .....        (no amulet) Stlth
                     h - +4 ring of slaying
HPRegen 0.25/turn    (no ring)
MPRegen 0.14/turn

%: no passive effects
@: flying
A: sickness immunity, AC +4, negative energy resistance 1, electricity
resistance, torment resistance 1, petrification resistance
a: no special abilities


You were on level 4 of the Dungeon.
You visited 1 branch of the dungeon, and saw 4 of its levels.

You collected 212 gold pieces.
You spent 14 gold pieces at shops.

Inventory:

Hand Weapons
 a - a +0 flail
 t - the +7 mace of Udeuret (weapon) {venom, Fly rN++ MP+9 Dex+2}
   (You found it on level 3 of the Dungeon)

   Dex:       It affects your dexterity (+2).
   rN:        It greatly protects you from negative energy.
   MP:        It affects your magic capacity (+9).
   Fly:       It grants you flight.
Armour
 c - a +0 buckler (worn)
 f - a +0 helmet (worn)
 j - a +0 plate armour
 l - a +0 chain mail (worn)
Jewellery
 h - a +4 ring of slaying (left hand)
 q - an amulet of regeneration
Scrolls
 b - 2 scrolls of immolation {unknown}
 e - 2 scrolls of teleportation {unknown}
 k - a scroll of summoning {unknown}
 m - a scroll of enchant armour {unknown}
 o - a scroll of vulnerability {unknown}
 p - a scroll of blinking {unknown}
 u - a scroll of poison {unknown}
Potions
 d - 2 potions of might
 g - a potion of enlightenment {unknown}
 n - a potion of berserk rage {unknown}
 r - a potion of attraction
 s - a potion of curing


   Skills:
 + Level 4.3 Fighting
 + Level 3.3 Maces & Flails
 + Level 4.4 Armour
 + Level 4.4 Shields


You had 4 spell levels left.
You didn't know any spells.
Your spell library contained the following spells:

 Spells                   Type           Power      Damage    Failure   Level
 Hailstorm                Conj/Ice       0%         3d3       100%        3
 Ice Form                 Ice/Tmut       0%         N/A       100%        4
 Simulacrum               Ice/Necr       0%         N/A       100%        6


Dungeon Overview and Level Annotations

Branches:
Dungeon (4/15)
 Temple: D:4-7

Altars:
Uskayaw

Shops:
D:1 !

Annotations:
D:4 Edmund


Innate Abilities, Weirdness & Mutations

You are immune to sickness and miasma.
Your stone body is resilient. (AC +4)
You are immune to poison.
You resist negative energy. (rN+)
You are resistant to electric shocks. (rElec)
You are resistant to unholy torment.
You are immune to petrification.


Message History

No target in view!
No target in view!
No target in view!
No target in view!
No target in view!
No target in view!
No target in view!
Edmund the Younger comes into view.
He is wielding a +0 heavy dire flail.
Edmund shouts!
Edmund drinks a potion.
Edmund seems to speed up.
You thump Edmund!
Edmund is poisoned.
Edmund is moderately wounded.
Edmund hits you with a +0 heavy dire flail!!
Ouch! That really hurt!
You are too injured to fight recklessly!
You are too injured to fight recklessly!
You are too injured to fight recklessly!
You are too injured to fight recklessly!
You are too injured to fight recklessly!
You are too injured to fight recklessly!
You are too injured to fight recklessly!
You are too injured to fight recklessly!
You are too injured to fight recklessly!
You are too injured to fight recklessly!
You are too injured to fight recklessly!
You are too injured to fight recklessly!
You are too injured to fight recklessly!
You are too injured to fight recklessly!
You are too injured to fight recklessly!
You are too injured to fight recklessly!
You are too injured to fight recklessly!
You are too injured to fight recklessly!
You sock Edmund!
Edmund looks as sick as possible!
Edmund is severely wounded.
Edmund hits you with a +0 heavy dire flail!
* * * LOW HITPOINT WARNING * * *
You closely miss Edmund.
Edmund is severely wounded.
Edmund hits you with a +0 heavy dire flail.
You die...

.# ## #. .#... .##.
..... ... .....# #..
......# .. ... ...
#......##.# #..# ..#
#.....@.# #..## #..#
#.....@# #..####...
#.....## #..##..#
+......#######.....#
###................#
#.....#............##
#.....##....##..##..#
+.....###..###.###..#
#.....# ##..#..#
#..### #..#..#
##...#####..#.


You could see Edmund (fast, extremely poisoned).

Vanquished Creatures
  A black bear (D:3)
  3 adders
  A worm (D:2)
  3 dart slugs
  An orc (D:3)
  6 ball pythons
  4 bats
  7 endoplasms
  A giant cockroach (D:1)
  3 goblins
  7 hobgoblins
  6 jackals
  4 quokkas
  8 rats
55 creatures vanquished.

Notes
Turn   | Place    | Note
-------+----------+-------------------------------------------
     0 | D:1      | Dittersdorf the Gargoyle Fighter began the quest for the
                  | Orb.
     0 | D:1      | Reached XP level 1. HP: 14/14 MP: 1/1
   298 | D:1      | Reached XP level 2. HP: 19/19 MP: 2/2
   608 | D:1      | Found Onlaas's Distillery.
   620 | D:1      | Bought a potion of degeneration for 14 gold pieces
   890 | D:2      | Reached XP level 3. HP: 23/23 MP: 3/3
   977 | D:2      | Found a hide-covered altar of Uskayaw.
  1196 | D:2      | Reached XP level 4. HP: 29/29 MP: 4/4
  1888 | D:3      | Noticed a black bear
  1895 | D:3      | Killed a black bear
  1896 | D:3      | Reached XP level 5. HP: 27/33 MP: 5/5
  2104 | D:3      | Identified the +7 mace of Udeuret {venom, Fly rN++ MP+9
                  | Dex+2}
  2447 | D:4      | Noticed Edmund
  2452 | D:4      | Slain by Edmund

Illustrated notes

Levels and vault maps discovered:
D:1:      ncdulo_wetmaze, layout_loops_corners, serial_shops, shop,
          minmay_misc_feat_rows
D:2:      layout_loops_corners, basic_altar, mrwooster_statue_mirror
D:3:      minmay_skewed_foursquare, layout_basic, fountainhead,
          serial_bayou_lagoon_b
D:4:      layout_layer_cave, mainiacjoe_overflow_24_doors, vehumet_crystals,
          lemuel_tele_altar, uniq_edmund, uniq_natasha

Skill      XL: |  1  2  3  4 |
---------------+-------------+-----
Armour         | 4 |  4.4
Shields        | 4 |  4.4
Fighting       | 4 |  4.3
Maces & Flails | 3 |  3.3

Action                     |  1- 3 |  4- 6 || total
---------------------------+-------+-------++-------
  Melee: Flail             |    70 |    52 ||   122
         Mace              |       |     8 ||     8
    Use: Scroll            |       |     2 ||     2
 Armour: Scale mail        |    21 |       ||    21
         Chain mail        |    23 |    35 ||    58
  Dodge: Dodged            |    26 |    24 ||    50
  Block: Buckler           |    16 |    13 ||    29

Table legend: (Time is in decaauts)
 A = Elapsed time spent in this place.
 B = Non-inter-level travel time spent in this place.
 C = Inter-level travel time spent in this place.
 D = Time resting spent in this place.
 E = Time spent auto-exploring this place.
 F = Levels seen in this place.
 G = Mean time per level.
                   A        B        C        D        E       F      G
               +--------+--------+--------+--------+--------+-----+--------+
         Total |   2497 |   2389 |    108 |      0 |   2000 |   4 |  624.2 |
       Dungeon |   2497 |   2389 |    108 |      0 |   2000 |   4 |  624.2 |
               +--------+--------+--------+--------+--------+-----+--------+

Top non-repeatable levels by time:
     D:1: 905 daAuts
     D:2: 891 daAuts
     D:3: 656 daAuts
     D:4: 42 daAuts
